 Dungeon Crawl Stone Soup version 0.31-a0-875-g02e7d12df6 (webtiles) character file.

Game seed: 4740537966283494044

115 lonewolfV2 the Shield-Bearer (level 5, -1/42 HPs)
             Began as a Formicid Fighter on Oct 12, 2023.
             Was a Follower of the Shining One (penitent).
             Slain by an ogre
             ... wielding a +0 giant club
              (13 damage)
             ... on level 3 of the Dungeon.
             The game lasted 00:04:24 (1625 turns).

lonewolfV2 the Shield-Bearer (Formicid Fighter)     Turns: 1625, Time: 00:04:24

Health: -1/42      AC:  7    Str: 20    XL:     5   Next: 20%
Magic:  5/5        EV:  9    Int:  8    God:    the Shining One [*.....]
Gold:   123        SH:  5    Dex: 15    Spells: 4/4 levels left

rFire   . . .        a - +1 war axe
rCold   . . .        c - +0 buckler
rNeg    . . .        b - +0 scale mail
rPois   .            (helmet unavailable)
rElec   .            (no cloak)
rCorr   .            (no gloves)
SInv    +            (no boots)
Will    .....        (no amulet) Stlth
                     (no ring)
HPRegen 0.27/turn    (no ring)
MPRegen 0.09/turn

%: no passive effects
@: no status effects
A: permanent stasis, dig shafts and tunnels, antennae 3, four strong arms
a: Dig, Shaft Self, Renounce Religion


You were on level 3 of the Dungeon.
You worshipped the Shining One.
The Shining One was demanding penance.
You visited 1 branch of the dungeon, and saw 3 of its levels.

You collected 123 gold pieces.

Inventory:

Hand Weapons
 a - a +1 war axe (weapon)
 m - a +0 vampiric hand axe
Armour
 b - a +0 scale mail (worn)
 c - a +0 buckler (worn)
Jewellery
 o - a +6 ring of intelligence
Potions
 d - 3 potions of might
 e - a potion of enlightenment
 f - a potion of haste {unknown}
 g - a potion of mutation
 j - a potion of curing
 k - a potion of lignification {unknown}
 l - a potion of magic {unknown}
 r - a potion of heal wounds {unknown}


   Skills:
 + Level 4.1 Fighting
 + Level 3.2 Axes
 + Level 4.1 Armour
 + Level 0.2 Dodging
 + Level 4.5 Shields


You had 4 spell levels left.
You didn't know any spells.
Your spell library was empty.

Dungeon Overview and Level Annotations

Branches:
Dungeon (3/15)

Altars:
Ashenzari
Cheibriados
Nemelex Xobeh
The Shining One


Innate Abilities, Weirdness & Mutations

You cannot be hasted, slowed, berserked, paralysed or teleported.
You can dig through walls and to a lower floor.
You have a pair of large antennae on your head. (SInv)
Your four strong arms can wield two-handed weapons with a shield.


Message History

You now have 107 gold pieces (gained 6).
You now have 123 gold pieces (gained 16).
You open the gate.
Found a snail-covered altar of Cheibriados.
You open the gate.
There is an open gate here.
f - a smoky inky potion
There is an open gate here.
You open the gate.
Found a sparkling altar of Nemelex Xobeh.
There is an open gate, spattered with blood here.
You see here a frilled lizard corpse.
Things that are here:
a +0 whip; an orc corpse
Found a stone staircase leading down.
An ogre comes into view. It is wielding a +0 giant club.
Found 6 boomerangs.
The ogre shouts!
An ogre is nearby!
An ogre is nearby!
An ogre is nearby!
There is a stone staircase leading down here.
You slash the ogre!
The ogre is moderately wounded.
The ogre closely misses you.
You barely miss the ogre.
The ogre is moderately wounded.
The ogre hits you with a +0 giant club!!
You barely miss the ogre.
The ogre is moderately wounded.
The ogre hits you with a +0 giant club!
* * * LOW HITPOINT WARNING * * *
You hit the ogre.
The ogre is heavily wounded.
The ogre hits you with a +0 giant club! The Shining One protects you from harm!
You barely miss the ogre.
The ogre is heavily wounded.
The ogre hits you with a +0 giant club!
You die...

#...'.....'...######
#._.'.≈≈≈.'._.#
#...'.....'...#
#######'†'##############
#........).# #.........#
###....#.#.# #.........#
#....#.#.# #.........#
#....#.#.###.........#
#....#<#....>.@.......
#############.O......#
#........# #........#
......(..# ......#####
......# .......#


You could see an ogre.

Vanquished Creatures
  An orc wizard (D:2)
  2 adders
  3 gnolls (D:2)
  5 orcs
  3 endoplasms
  4 goblins
  6 jackals
  2 quokkas (D:1)
  6 ball pythons
  2 bats
  A frilled lizard (D:3)
  4 rats
39 creatures vanquished.

Notes
Turn   | Place    | Note
-------+----------+-------------------------------------------
     0 | D:1      | lonewolfV2 the Formicid Fighter began the quest for the
                  | Orb.
     0 | D:1      | Reached XP level 1. HP: 18/18 MP: 1/1
    75 | D:1      | Found a faded altar of an unknown god.
    97 | D:1      | Prayed at the altar of an unknown god.
    97 | D:1      | Became a worshipper of the Shining One
    97 | D:1      | Reached * piety under the Shining One
   153 | D:1      | Reached XP level 2. HP: 24/24 MP: 2/2
   872 | D:2      | Reached XP level 3. HP: 29/29 MP: 3/3
  1009 | D:2      | Reached XP level 4. HP: 20/37 MP: 4/4
  1023 | D:2      | Found a broken altar of Ashenzari.
  1095 | D:2      | Was placed under penance by the Shining One
  1167 | D:2      | Reached XP level 5. HP: 36/42 MP: 5/5
  1345 | D:2      | Identified the +11 dagger of Genad {flame, rElec}
  1554 | D:3      | Found a snail-covered altar of Cheibriados.
  1606 | D:3      | Found a sparkling altar of Nemelex Xobeh.
  1617 | D:3      | Noticed an ogre
  1624 | D:3      | The Shining One protects you from harm!
  1625 | D:3      | Slain by an ogre

Illustrated notes

Levels and vault maps discovered:
D:1:      dpeg_arrival_tiny_a, layout_basic, chequers_ecumenical_altar_simple
D:2:      layout_rooms, basic_altar, feat_on_display
D:3:      layout_basic, nicolae_elyvilon_peaceful_grove,
          mainiacjoe_overflow_big_doors, minmay_crystal_room

Skill      XL: |  1  2  3  4 |
---------------+-------------+-----
Fighting       | 4 |  4.1
Armour         | 4 |  4.1
Axes           | 3 |  3.2
Dodging        | |  0.2
Shields        | |  4.5

Action                     |  1- 3 |  4- 6 || total
---------------------------+-------+-------++-------
  Melee: War axe           |    50 |    39 ||    89
         Hand axe          |       |     5 ||     5
 Invoke: Divine Shield     |       |     1 ||     1
    Use: Scroll            |       |     8 ||     8
 Armour: Scale mail        |    40 |    27 ||    67
  Dodge: Dodged            |    26 |    21 ||    47
  Block: Buckler           |    14 |    22 ||    36

Table legend: (Time is in decaauts)
 A = Elapsed time spent in this place.
 B = Non-inter-level travel time spent in this place.
 C = Inter-level travel time spent in this place.
 D = Time resting spent in this place.
 E = Time spent auto-exploring this place.
 F = Levels seen in this place.
 G = Mean time per level.
                   A        B        C        D        E       F      G
               +--------+--------+--------+--------+--------+-----+--------+
         Total |   1659 |   1649 |     10 |     61 |   1208 |   3 |  553.0 |
       Dungeon |   1659 |   1649 |     10 |     61 |   1208 |   3 |  553.0 |
               +--------+--------+--------+--------+--------+-----+--------+

Top non-repeatable levels by time:
     D:1: 863 daAuts
     D:2: 665 daAuts
     D:3: 130 daAuts
